AoeStats
← 0Atlas0

Black Forest

509395583Analyzed
4v4 RM · 5d ago on Sep 26, 2026· 9m 40s· 8 players
Game mode
Random Map
Map size
Large (8 player)
Population
200
Speed
Normal
Resources
Standard
Victory
Conquest
Starting age
Dark Age
Ending age
Imperial Age
RankedLock teamsTeams togetherTeam positionsShared explorationLock speedFull tech treeHidden civsTurbo modeCheats
Victory
Defeat
🇯🇴 Mongols · Jordan
1186
+14
🇪🇸 Khmer · Spain
1153
+15
🇷🇺 Poles · Russia
1108
+17
🇷🇴 Aztecs · Romania
1101
+17
🇵🇪 Bohemians · Peru
1204
-19
🇺🇸 Saxons · United States
1118
-15
🇹🇼 Britons · Taiwan
1103
-15
🇹🇼 Persians · Taiwan
1085
-14
Jota
10:27 Feudal Age
Koko
9:26 Feudal Age
el mangonel
2:25 Loom
*
0:30 Loom
0Atlas0
1:01 Loom
acua
0:35 Loom
jameskobecp6
9:49 Feudal Age
secret_marker
2:00 Loom
11:17 Feudal Age
Connection lost

Rejoining the realm…

Still unreachable

The connection could not be restored.

Session expired

The server has moved on; the page needs a fresh start.